 Dungeon Crawl Stone Soup version 0.22-a0-268-g1cc83efe17 (webtiles) character file.

0 Manul the Ducker (level 1, -17/11 HPs)
             Began as a Spriggan Abyssal Knight on Mar 9, 2018.
             Was a Follower of Lugonu.
             Demolished by a small abomination (18 damage)
             ... on level 2 of the Abyss.
             The game lasted 00:00:26 (62 turns).

Manul the Ducker (Spriggan Abyssal Knight)            Turns: 62, Time: 00:00:26

Health: -17/11     AC:  2    Str:  8    XL:     1   Next: 0%
Magic:  3/3        EV: 18    Int: 13    God:    Lugonu [*.....]
Gold:   0          SH:  0    Dex: 15    Spells: 0/0 levels left

rFire    . . .     SeeInvis +   a - +1 short sword
rCold    . . .     Gourm    .   (shield restricted)
rNeg     . . .     Faith    .   b - +0 robe
rPois    .         Spirit   .   (helmet restricted)
rElec    .         Reflect  .   (no cloak)
rCorr    .         Harm     .   (gloves unavailable)
MR       .....                  (boots unavailable)
Stlth    +.........             (no amulet)
HPRegen  0.03/turn              (no ring)
MPRegen  0.08/turn              (no ring)

@: confused, very quick
A: very small, unfitting armour, see invisible, herbivore, speed 3, slow
metabolism 2
a: Depart the Abyss, Renounce Religion


You were on level 2 of the Abyss.
You worshipped Lugonu.
Lugonu was aware of your devotion.
You were not hungry.

You visited 0 branches of the dungeon, and saw 0 of its levels.
You visited the Abyss 1 time.

Inventory:

Hand Weapons
 a - a +1 short sword (weapon)
Armour
 b - a +0 robe (worn)
Comestibles
 c - a ration


   Skills:
 + Level 2.4 Fighting
 + Level 2.1 Short Blades
 + Level 3.5 Dodging
 + Level 1.7 Invocations


You couldn't memorise any spells.
You didn't know any spells.

Dungeon Overview and Level Annotations

Branches:
Dungeon (0/15)

Altars:


Innate Abilities, Weirdness & Mutations

You are very small and have problems with some larger weapons.
You are too small for most types of armour.
You have supernaturally acute eyesight. (SInv)
You are a herbivore.
You cover ground extremely quickly.
You need to consume almost no food.


Message History

Found a quarterstaff and a golden potion.
You see here 33 gold pieces.
You see here 23 stones.
The great orb of eyes gazes at you.
You are confused.
You see here a scroll labeled UTSUNK EZAJES.
There is an escape hatch in the ceiling here.
The ufetubus closely misses you.
The ufetubus hits you but does no damage.
Found 13 stones.
You bump into the crystal wall.
The ufetubus closely misses you. The ufetubus misses you.
You bump into the crystal wall.
The ufetubus disappears in a puff of smoke!
The ufetubus misses you. x2; The small abomination hits you!
Ouch! That really hurt!
* * * LOW HITPOINT WARNING * * *
The small abomination hits you!!
Ouch! That really hurt!
You die...

...#...x.#.X...#.....#.....
. ##...###4......... #..
##x## #X##..#.#.#.# #
##...###....X....#. .
.#.....#.q###.....# . .
........>...X(55}[)# ...
..#.....#..##.t##.#..... ..
##...###....5x.....#. .# ##
## ##.###@#.#### . . . #...
#....# #... #.....#.....# .
... ..... .......... .#.
.#. ...#.....#.. ##..(###..
#.## #. #.


You could see a black draconian shifter, an apocalypse crab, 2 large
abominations, a small abomination and 2 ufetubi.

Vanquished Creatures (others)
  4 starspawn tentacles (Abyss:2)
4 creatures vanquished.

Notes
Turn   | Place    | Note
-------+----------+-------------------------------------------
     0 | Abyss:1  | Manul the Spriggan Abyssal Knight began the quest for the Orb.
     0 | Abyss:1  | Reached XP level 1. HP: 11/11 MP: 3/3
    22 | Abyss:2  | Noticed a tentacled starspawn
    22 | Abyss:2  | Noticed a chaos spawn
    23 | Abyss:2  | Noticed an apocalypse crab
    24 | Abyss:2  | Noticed a great orb of eyes
    30 | Abyss:2  | Noticed a small abomination
    30 | Abyss:2  | Noticed a black draconian shifter
    30 | Abyss:2  | Noticed a large abomination
    30 | Abyss:2  | Noticed a ynoxinul
    30 | Abyss:2  | Noticed a chaos spawn
    30 | Abyss:2  | Noticed a bone dragon
    30 | Abyss:2  | Noticed a large abomination
    62 | Abyss:2  | Demolished by a small abomination

Vault maps used:
Abyss:2:  hangedman_cross_veins, onia_ninara_dug_in_and_dangerous

Action                   || total
-------------------------++-------
Armor: Robe              ||     1
Dodge: Dodged            ||    12

Table legend:
 A = Spawn XP
 B = Non-spawn XP
 C = Spawn XP percentage of total XP
 D = Spawn monster count
 E = Non-spawn monster count
 F = Spawn count percentage of total count
 G = Total turns spent on level
                    A         B        C        D         E        F      G
               +---------+---------+-------+---------+---------+-------+---------
         Total |       0 |       0 |   N/A |       0 |       0 |   N/A |    62
               +---------+---------+-------+---------+---------+-------+---------
               +---------+---------+-------+---------+---------+-------+---------
